 Dungeon Crawl Stone Soup version 0.28.0-43-g3370ac3207 (webtiles) character file.

Game seed: 16270242345831072830

103 suse60 the Shield-Bearer (level 4, 0/29 HPs)
             Began as a Gargoyle Fighter on Mar 22, 2022.
             Frozen to death by an endoplasm (2 damage)
             ... on level 4 of the Dungeon.
             The game lasted 00:09:45 (2305 turns).

suse60 the Shield-Bearer (Gargoyle Fighter)         Turns: 2305, Time: 00:09:46

Health: 0/29       AC: 10    Str: 19    XL:     4   Next: 79%
Magic:  0/4        EV:  9    Int:  9    God:
Gold:   86         SH:  4    Dex: 11    Spells: 3/3 levels left

rFire   . . .      SeeInvis .   a - +0 flail
rCold   . . .      Faith    .   c - +0 buckler
rNeg    + . .      Spirit   +   b - +0 scale mail
rPois   ∞          Reflect  .   (no helmet)
rElec   +          Harm     .   (no cloak)
rCorr   .          Rampage  .   (no gloves)
Will    .....                   (no boots)
Stlth   ..........              g - amulet of guardian spirit
HPRegen 0.09/turn               (no ring)
MPRegen 0.09/turn               (no ring)

@: mighty
A: sickness immunity, AC +3, negative energy resistance 1, electricity
resistance, torment resistance 1, petrification resistance
a: no special abilities


You were on level 4 of the Dungeon.
You visited 1 branch of the dungeon, and saw 4 of its levels.

You collected 86 gold pieces.

Inventory:

Hand Weapons
 a - a +0 flail (weapon)
Armour
 b - a +0 scale mail (worn)
 c - a +0 buckler (worn)
Jewellery
 g - an amulet of guardian spirit (around neck)
Scrolls
 f - 3 scrolls of teleportation {unknown}
 h - a scroll of vulnerability {unknown}
 i - a scroll of noise {unknown}
Potions
 e - a potion of cancellation {unknown}
 j - a potion of heal wounds {unknown}


   Skills:
 + Level 4.0 Fighting
 + Level 2.9 Maces & Flails
 + Level 4.1 Armour
 + Level 4.1 Shields


You had 3 spell levels left.
You didn't know any spells.
Your spell library contained the following spells:

 Spells                   Type           Power      Damage    Failure   Level
 Corpse Rot               Necr/Air       0%         N/A       93%         2
 Dispel Undead            Necr           0%         3d6       100%        4
 Death Channel            Necr           0%         N/A       100%        6


Dungeon Overview and Level Annotations

Branches:
Dungeon (4/15)
 Temple: D:4-7

Altars:
Trog

Annotations:
D:2 Crazy Yiuf


Innate Abilities, Weirdness & Mutations

You are immune to sickness and miasma.
Your stone body is resilient. (AC +3)
You are immune to poison.
You resist negative energy. (rN+)
You are resistant to electric shocks. (rElec)
You are resistant to unholy torment.
You are immune to petrification.


Message History

The ball python grabs you. The ball python constricts you.
You hit the ball python.
You kill the ball python!
You feel very mighty all of a sudden. The endoplasm barely misses you.
The endoplasm barely misses you.
Found 20 stones and a mace.
An endoplasm comes into view.
The endoplasm quivers.
The jackal bites you but does no damage.
There is a stone staircase leading down here.
The jackal completely misses you. The endoplasm hits you.
* * * LOW HITPOINT WARNING * * *
You climb downwards.
You hear the sound of rushing water.
There is an entrance to a sewer on this level.
Hurry and find it before the portal rusts away!
There is a stone staircase leading up here.
You barely miss the jackal.
The jackal bites you but does no damage.
The endoplasm barely misses you.
The jackal bites you but does no damage.
You barely miss the jackal.
The jackal bites you but does no damage.
The endoplasm hits you but does no damage.
The jackal bites you but does no damage.
You hit the jackal.
You kill the jackal!
The endoplasm barely misses you.
The endoplasm hits you but does no damage.
You barely miss the endoplasm.
The endoplasm hits you but does no damage.
You barely miss the endoplasm. The endoplasm freezes you.
You are frozen.
* * * LOW HITPOINT WARNING * * *
Unknown command.
You completely miss the endoplasm. The endoplasm freezes you.
You are frozen.
You die...

##. ..
.. .#
##.#####
+......#
#......#
#@J#
#..#
#..#
#..#
+...
#....
#..##
#..#


You could see an endoplasm.

Vanquished Creatures
  Robin (D:2)
  3 adders (D:2)
  8 endoplasms
  A giant cockroach (D:1)
  9 hobgoblins
  A jackal (D:4)
  3 quokkas (D:1)
  2 ball pythons
  4 bats
  4 frilled lizards
  12 goblins
  7 kobolds
  6 rats
61 creatures vanquished.

Vanquished Creatures (others)
  5 plants (D:2)
5 creatures vanquished.

Grand Total: 66 creatures vanquished

Notes
Turn   | Place    | Note
-------+----------+-------------------------------------------
     0 | D:1      | suse60 the Gargoyle Fighter began the quest for the Orb.
     0 | D:1      | Reached XP level 1. HP: 14/14 MP: 1/1
   278 | D:1      | Reached XP level 2. HP: 15/19 MP: 2/2
   692 | D:1      | Reached XP level 3. HP: 13/23 MP: 1/3
  1390 | D:2      | Reached XP level 4. HP: 29/29 MP: 4/4
  1517 | D:2      | Found a faded altar of an unknown god.
  1549 | D:2      | Found a runed translucent door.
  1550 | D:2      | Noticed Crazy Yiuf
  1657 | D:2      | Noticed Robin
  1665 | D:2      | Killed Robin
  2253 | D:2      | HP: 1/29 [Crazy Yiuf/+2 quarterstaff of chaos (1)]
  2273 | D:3      | Found a bloodstained altar of Trog.
  2304 | D:4      | HP: 1/29 [frozen (1)]
  2305 | D:4      | Frozen to death by an endoplasm

Illustrated notes

Levels and vault maps discovered:
D:1:      psy_arrival_conway, layout_basic
D:2:      layout_rooms, serial_forest, infiniplex_forest_zigzag_2,
          infiniplex_forest_straight_2, infiniplex_forest_lined_room_,
          infiniplex_forest_lined_ring, infiniplex_forest_straight_5,
          infiniplex_forest_lined_2, infiniplex_forest_end_double,
          infiniplex_forest_end_1, infiniplex_forest_lined_2,
          infiniplex_forest_clump_curved,
          hellmonk_ecumenical_altar_leap_of_faith, uniq_robin,
          uniq_crazy_yiuf_cottage
D:3:      layout_loops_ring, mainiacjoe_overflow_small_starburst
D:4:      layout_gridville, nicolae_overflow_squiral, gup_sewer_entry_pipe,
          biasface_ghost_orc_armoury, serial_shops, shop

Skill      XL: |  1  2  3  4 |
---------------+-------------+-----
Shields        | 4 |  4.1
Armour         | 4 |  4.1
Fighting       | 4 |  4.0
Maces & Flails | |  2.9

Action                   |  1- 3 |  4- 6 || total
-------------------------+-------+-------++-------
Melee: Flail             |   111 |    91 ||   202
  Use: Potion            |       |     1 ||     1
Armor: Scale mail        |    43 |    54 ||    97
Dodge: Dodged            |    36 |    35 ||    71
Block: Buckler           |    21 |    14 ||    35
